 Dungeon Crawl Stone Soup version 0.28-a0-1389-gc726bef33b (webtiles) character file.

Game seed: 17723716160867344423

191 Sabo the Caller (level 5, -3/36 HPs)
             Began as a Merfolk Summoner on Jan 4, 2022.
             Was a Believer of Qazlal.
             Slain by a kobold brigand (5 damage)
             ... in a sewer.
             The game lasted 00:19:33 (3935 turns).

Sabo the Caller (Merfolk Summoner)                  Turns: 3935, Time: 00:19:33

Health: -3/36      AC: 13    Str:  9    XL:     5   Next: 70%
Magic:  8/8        EV: 13    Int: 16    God:    Qazlal [**....]
Gold:   68         SH:  2    Dex: 14    Spells: 8/9 levels left

rFire   . . .      SeeInvis .   k - +0 trident (protect)
rCold   . . .      Faith    .   (no shield)
rNeg    . . .      Spirit   .   a - +0 robe
rPois   .          Reflect  .   (no helmet)
rElec   .          Harm     .   i - scarf {repulsion}
rCorr   .          Rampage  .   (no gloves)
Will    .....                   (no boots)
Stlth   ++........              (no amulet)
HPRegen 0.12/turn               n - +4 ring of protection
MPRegen 0.11/turn               (no ring)

@: under a protective aura, repel missiles
A: (nimble swimmer 2), mertail
a: Renounce Religion, Upheaval


You were in a sewer.
You worshipped Qazlal.
Qazlal was pleased with you.
You visited 1 branch of the dungeon, and saw 3 of its levels.
You also visited: Sewer.

You collected 68 gold pieces.

Inventory:

Hand Weapons
 h - a +0 hand axe
 k - a +0 trident of protection (weapon)
 l - a +0 hunting sling of freezing
 q - a +5 whip
Missiles
 b - 46 arrows
 e - 14 poisoned darts (quivered)
 m - 63 stones
Armour
 a - a +0 robe (worn)
 i - a scarf of repulsion (worn)
Jewellery
 n - a +4 ring of protection (left hand)
Scrolls
 c - a scroll of enchant weapon {unknown}
 d - a scroll of blinking {unknown}
 g - a scroll of teleportation {unknown}
 j - a scroll of noise {unknown}
 o - a scroll of magic mapping {unknown}
 r - a scroll of identify {unknown}
Potions
 f - a potion of mutation {unknown}
 p - a potion of haste {unknown}
 s - a potion of invisibility {unknown}
 t - a potion of magic {unknown}


   Skills:
 + Level 0.9 Fighting
 + Level 0.7(1.4) Axes
 + Level 3.3(3.6) Polearms
 + Level 4.4 Dodging
 + Level 2.6 Stealth
 + Level 0.1 Shields
 + Level 2.6 Spellcasting
 + Level 4.6 Summonings


You had 8 spell levels left.
You knew the following spells:

 Your Spells              Type           Power      Damage    Failure   Level
a - Summon Small Mammal   Summ           68%        N/A       2%          1

Your spell library contained the following spells:

 Spells                   Type           Power      Damage    Failure   Level
 Call Imp                 Summ           17%        N/A       4%          2
 Call Canine Familiar     Summ           17%        N/A       9%          3
 Summon Guardian Golem    Hex/Summ       9%         N/A       22%         3
 Summon Lightning Spire   Summ/Air       9%         N/A       58%         4


Dungeon Overview and Level Annotations

Branches:
Dungeon (3/15)              Sewer (1/1)

Altars:
Cheibriados
Qazlal

Shops:
D:2 :


Innate Abilities, Weirdness & Mutations

((You are very nimble when in or above water. (Stealth+, EV+, Speed+++)))
Your lower body shifts to a powerful aquatic tail in water.


Message History

The kobold brigand is heavily wounded.
Your bat barely misses the kobold.
The kobold hits you but does no damage. The kobold brigand barely misses you.
The kobold brigand hits you but does no damage.
The kobold hits you but does no damage.
You barely miss the kobold brigand.
The kobold brigand is heavily wounded.
Your bat hits the kobold but does no damage.
Your bat closely misses the kobold.
The kobold barely misses your bat. The kobold hits you but does no damage.
Your bat misses the kobold. The kobold brigand closely misses you.
You hit the kobold brigand but do no damage.
The kobold brigand is heavily wounded.
Your bat barely misses the kobold.
The kobold brigand barely misses you. The kobold closely misses you.
You hit the kobold brigand but do no damage.
The kobold brigand is heavily wounded.
Your bat misses the kobold. The kobold misses your bat.
The kobold brigand hits you but does no damage.
The kobold closely misses you.
You barely miss the kobold brigand.
The kobold brigand is heavily wounded.
Your bat barely misses the kobold.
The kobold barely misses your bat.
The kobold brigand hits you but does no damage.
You block the kobold's attack.
Your bat hits the kobold.
The kobold dies!
Qazlal accepts your kill.
You puncture the kobold brigand!
The kobold brigand is almost dead.
The kobold brigand hits you but does no damage.
The kobold closely misses you.
You hit the kobold brigand but do no damage.
The kobold brigand is almost dead.
Your bat barely misses the kobold brigand.
The kobold brigand misses you. The kobold hits you but does no damage.
You hit the kobold brigand.
The kobold brigand is almost dead.
Your bat closely misses the kobold brigand.
The kobold brigand hits you with a +0 short sword.
You die...

≈≈≈≈ ≈≈ ≈≈≈≈ ≈≈≈≈ ≈≈≈
≈≈≈≈
≈#######≈##############
≈≈≈..P≈≈≈≈P≈PP≈≈≈#....#
P≈...≈≈≈≈≈≈....≈)'..∩.#
≈.......≈≈P...b≈KK!!..#
.......P........@#!...#
.....†..........## ####
............)...#
..............###
.P........#####
#..####.### #### ###


You could see a kobold brigand (ally target), a kobold and a friendly bat
(summoned).

Vanquished Creatures
  An orc wizard (D:3)
  7 adders
  2 worms (D:3)
  3 orcs (D:3)
  4 endoplasms (D:2)
  4 giant cockroaches
  5 goblins
  4 hobgoblins
  7 kobolds
  8 ball pythons
  2 bats
  3 frilled lizards
  3 rats
53 creatures vanquished.

Vanquished Creatures (collateral kills)
  2 adders (D:2)
  A river rat (D:3)
  3 ball pythons
  2 hobgoblins
  3 kobolds
  A quokka (D:1)
  2 bats (D:1)
  3 rats
17 creatures vanquished.

Vanquished Creatures (others)
  An adder (D:3)
  2 bats (D:3)
  A plant (Sewer)
4 creatures vanquished.

Grand Total: 74 creatures vanquished

Notes
Turn   | Place    | Note
-------+----------+-------------------------------------------
     0 | D:1      | Sabo the Merfolk Summoner began the quest for the Orb.
     0 | D:1      | Reached XP level 1. HP: 13/13 MP: 3/3
   544 | D:1      | Reached XP level 2. HP: 8/19 MP: 1/5
  1648 | D:1      | Found a faded altar of an unknown god.
  1651 | D:1      | Prayed at the altar of an unknown god.
  1651 | D:1      | Became a worshipper of Qazlal Stormbringer
  1651 | D:1      | Reached * piety under Qazlal
  1848 | D:2      | Reached XP level 3. HP: 15/24 MP: 3/6
  2027 | D:2      | Found Acaklok's Book Shop.
  2643 | D:2      | Reached skill level 1 in Polearms
  2643 | D:2      | Reached XP level 4. HP: 28/30 MP: 7/7
  2942 | D:3      | Reached XP level 5. HP: 12/36 MP: 8/8
  3303 | D:3      | Found a snail-covered altar of Cheibriados.
  3433 | D:3      | Found a glowing drain.
  3466 | D:3      | Reached ** piety under Qazlal
  3487 | Sewer    | Entered a sewer
  3903 | Sewer    | Noticed a kobold brigand
  3924 | Sewer    | HP: 1/36 [kobold (1)]
  3935 | Sewer    | Slain by a kobold brigand

Illustrated notes

Levels and vault maps discovered:
D:1:      zelgadis_glass_arrival_small, layout_rooms,
          hellmonk_ecumenical_altar_inner_sanctum,
          minmay_misc_feat_secret_circle, minmay_hedge_maze
D:2:      layout_rooms, serial_shops, nicolae_shop_waterfront
D:3:      layout_basic, slow_altar_2, portal_sewer_entry_b
Sewer:    kennysheep_pipe_town

Skill      XL: |  1  2  3  4  5 |
---------------+----------------+-----
Dodging        | 3 4 |  4.4
Polearms       | 1 2 3 |  3.3
Fighting       | |  0.9
Axes           | |  0.7
Stealth        | |  2.6
Shields        | |  0.1
Spellcasting   | |  2.6
Summonings     | |  4.6

Action                   |  1- 3 |  4- 6 || total
-------------------------+-------+-------++-------
Melee: Spear             |    24 |       ||    24
       Hand axe          |    18 |       ||    18
       Trident           |    37 |   170 ||   207
 Cast: Summon Small Mamm |    19 |    14 ||    33
 Stab: Distracted        |     1 |       ||     1
Armor: Robe              |    24 |   106 ||   130
Dodge: Dodged            |    75 |   176 ||   251
Block: Other             |     7 |    16 ||    23

Table legend: (Time is in decaauts)
 A = Elapsed time spent in this place.
 B = Non-inter-level travel time spent in this place.
 C = Inter-level travel time spent in this place.
 D = Time resting spent in this place.
 E = Time spent auto-exploring this place.
 F = Levels seen in this place.
 G = Mean time per level.
                   A        B        C        D        E       F      G
               +--------+--------+--------+--------+--------+-----+--------+
         Total |   3965 |   3965 |      0 |   1881 |      0 |   4 |  991.2 |
       Dungeon |   3522 |   3522 |      0 |   1569 |      0 |   3 | 1174.0 |
         Sewer |    443 |    443 |      0 |    312 |      0 |   1 |  443.0 |
               +--------+--------+--------+--------+--------+-----+--------+

Top non-repeatable levels by time:
     D:1: 1846 daAuts
     D:2: 1057 daAuts
     D:3: 619 daAuts
   Sewer: 443 daAuts
